 Dungeon Crawl Stone Soup version 0.25-a0-1133-g93ebf739aa (webtiles) character file.

Game seed: 7875824461841696920, levelgen mode: deterministic

3306 MisterFreud the Magician (level 10, -3/73 HPs)
             Began as a Gnoll Venom Mage on May 21, 2020.
             Was a Follower of Ashenzari.
             Slain by a wight
             ... wielding a +4 battleaxe
              (16 damage)
             ... on level 8 of the Dungeon.
             The game lasted 00:16:30 (6884 turns).

MisterFreud the Magician (Gnoll Venom Mage)         Turns: 6884, Time: 00:16:30

Health: -3/73      AC:  4    Str: 15    XL:     10   Next: 1%
Magic:  18/20      EV: 16    Int: 20    God:    Ashenzari [*.....]
Gold:   364        SH:  0    Dex: 16    Spells: 19/23 levels left

rFire    . . .     SeeInvis .   x - +4 dagger (curse)
rCold    . . .     Gourm    .   (no shield)
rNeg     + . .     Faith    .   K - +0 robe of the Chupacabra {Str+4} (curse)
rPois    .         Spirit   .   (no helmet)
rElec    .         Reflect  .   D - +0 cloak
rCorr    .         Harm     .   B - +0 pair of gloves
MR       .....                  (no boots)
Stlth    +++.......             h - amulet of regeneration
HPRegen  0.62/turn              I - ring of positive energy
MPRegen  0.17/turn              (no ring)

@: studying Short Blades
A: distributed training, fangs 1, strong nose
a: Curse Item, Scrying, Renounce Religion


You were on level 8 of the Dungeon.
You worshipped Ashenzari.
Ashenzari was aware of your devotion.
You were not hungry.

You visited 2 branches of the dungeon, and saw 9 of its levels.

You collected 364 gold pieces.

Inventory:

Hand Weapons
 g - a +0 dagger
 x - a cursed +4 dagger (weapon)
 y - a +4 short sword
Missiles
 b - 104 arrows
 j - 123 stones (quivered)
 l - 8 boomerangs of dispersal
 s - 22 bolts
 w - 6 boomerangs
 F - 10 poisoned darts
 G - 26 sling bullets
 H - 3 javelins
Armour
 a - a +0 robe
 i - a +0 kite shield
 B - a +0 pair of gloves (worn)
 D - a +0 cloak (worn)
 K - the cursed +0 robe of the Chupacabra (worn) {Str+4}
   (You found it on level 6 of the Dungeon)

   It affects your strength (+4).
   It has a curse placed upon it.
Jewellery
 h - an amulet of regeneration (around neck)
 I - a ring of positive energy (left hand)
 N - an uncursed amulet of the acrobat
Wands
 p - a wand of random effects (8)
Scrolls
 e - 7 scrolls of identify
 n - 8 scrolls of fog
 o - 3 scrolls of remove curse
 q - 4 scrolls of teleportation
 u - 2 scrolls of enchant weapon {unknown}
 v - 3 scrolls of immolation {unknown}
 L - a scroll of enchant armour {unknown}
 O - a scroll of fear {unknown}
Potions
 d - 4 potions of heal wounds
 f - 2 potions of magic {unknown}
 m - 2 potions of might
 r - a potion of brilliance {unknown}
 t - a potion of invisibility {unknown}
 z - 2 potions of cancellation {unknown}
 A - a potion of ambrosia {unknown}
 C - 2 potions of curing
 E - a potion of flight {unknown}
 J - a potion of lignification {unknown}
 M - a potion of resistance {unknown}
Books
 k - a manual of Short Blades
Comestibles
 c - 10 rations
 P - 5 chunks of flesh


   Skills:
 + Level 4.7 Fighting
 + Level 5.7 Short Blades
 + Level 4.7 Long Blades
 + Level 4.7 Axes
 + Level 4.7 Maces & Flails
 + Level 4.7 Polearms
 + Level 4.7 Staves
 + Level 4.7 Slings
 + Level 4.7 Bows
 + Level 4.7 Crossbows
 + Level 4.7 Throwing
 + Level 4.7 Armour
 + Level 6.6 Dodging
 + Level 6.4 Stealth
 + Level 4.7 Shields
 + Level 4.7 Unarmed Combat
 + Level 7.0 Spellcasting
 + Level 3.9 Conjurations
 + Level 3.9 Hexes
 + Level 3.9 Charms
 + Level 3.9 Summonings
 + Level 3.9 Necromancy
 + Level 3.9 Translocations
 + Level 4.5 Transmutations
 + Level 3.9 Fire Magic
 + Level 3.9 Ice Magic
 + Level 3.9 Air Magic
 + Level 3.9 Earth Magic
 + Level 6.8 Poison Magic
 + Level 5.2 Invocations
 + Level 4.7 Evocations


You had 19 spell levels left.
You knew the following spells:

 Your Spells              Type           Power        Failure   Level  Hunger
a - Sting                 Tmut/Pois      ####         1%          1    None
b - Mephitic Cloud        Conj/Pois/Air  ####....     3%          3    #......

Your spell library contained the following spells:

 Spells                   Type           Power        Failure   Level  Hunger
 Animate Skeleton         Necr           N/A          1%          1    None
 Apportation              Tloc           ###...       1%          1    None
 Corona                   Hex            ###....      1%          1    None
 Summon Small Mammal      Summ           ###.         1%          1    None
 Poisonous Vapours        Pois/Air       ####..       1%          2    None
 Ignite Poison            Fire/Tmut/Pois ####....     3%          3    #......
 Olgreb's Toxic Radiance  Pois           ####....     6%          4    ###....


Dungeon Overview and Level Annotations

Branches:
Dungeon (8/15)             Temple (1/1) D:4
   Lair: D:8-11

Altars:
Ashenzari
Dithmenos
Elyvilon
Fedhas
Makhleb
Nemelex Xobeh
Qazlal
Ru
Trog
Uskayaw
Zin
The Shining One


Innate Abilities, Weirdness & Mutations

Your experience applies equally to all skills.
You have very sharp teeth.
Your uncanny sense of smell can sniff out nearby items.


Message History

You feel sick.
The killer bee stings you but does no damage.
You bump into the rock wall.
The killer bee misses you. The wight barely misses you.
The killer bee closely misses you.
You bump into the rock wall.
The killer bee stings you.
* * * LOW HITPOINT WARNING * * *
The killer bee stings you!
* * * LOW HITPOINT WARNING * * *
You are more poisoned.
The killer bee poisons you!
You bump into the rock wall.
You feel sick. The killer bee closely misses you.
The killer bee barely misses the killer bee.
The wight hits you with a +4 battleaxe!
* * * LOW HITPOINT WARNING * * *
The killer bee closely misses you.
It was a potion of curing.
You feel better.
The killer bee dies!
Your Spellcasting skill increases to level 7!
The wight hits you with a +4 battleaxe!
You die...

.................#
...............###
...........÷..##
...........#<.#
...........#..#
...........##.#
...........##.##
...........##.z##
#..........#..†@##
..............##†##
............y####.#
.#.........#######
#..............#
#............##
#..........###
.........###
#.......##


You could see a killer bee (confused) and a wight.

Vanquished Creatures
  A troll (D:6)
  Sigmund (D:3)
  A wyvern (D:8)
  Eustachio (D:6)
  Menkaure (D:6)
  Edmund (D:5)
  A water moccasin (D:5)
  An ice beast (D:6)
  2 sky beasts
  2 phantoms (D:7)
  4 ogres
  A centaur (D:6)
  A gnoll sergeant (D:7)
  A water moccasin zombie (D:8)
  A killer bee (D:8)
  5 wights (D:6)
  8 crimson imps
  2 hounds
  A centaur zombie (D:7)
  A centaur skeleton (D:4)
  An orc priest (D:3)
  Crazy Yiuf (D:4)
  A jelly (D:6)
  A bullfrog skeleton (D:7)
  3 orc wizards
  Natasha (thrice) (D:3)
  3 worker ants
  2 hound zombies (D:5)
  8 gnolls
  10 adders
  3 shadow imps
  2 worms (D:3)
  5 dart slugs (D:1)
  4 leopard geckos
  16 orcs
  4 ball pythons
  7 giant cockroaches
  8 goblins
  5 hobgoblins
  6 jackals (D:1)
  11 kobolds
  7 quokkas
  5 bats
  3 frilled lizards
  8 rats
164 creatures vanquished.

Vanquished Creatures (collateral kills)
  2 killer bees (D:8)
2 creatures vanquished.

Grand Total: 166 creatures vanquished

Notes
Turn   | Place    | Note
-------+----------+-------------------------------------------
     0 | D:1      | MisterFreud the Gnoll Venom Mage began the quest for the
                  | Orb.
     0 | D:1      | Reached XP level 1. HP: 13/13 MP: 6/6
    81 | D:1      | Reached XP level 2. HP: 13/19 MP: 4/7
   331 | D:1      | Reached XP level 3. HP: 22/25 MP: 5/9
   410 | D:1      | Reached skill level 5 in Spellcasting
   912 | D:1      | Reached skill level 1 in Invocations
  1285 | D:2      | Found a bloodstained altar of Trog.
  1287 | D:2      | Reached skill level 1 in Fighting
  1287 | D:2      | Reached skill level 1 in Short Blades
  1287 | D:2      | Reached skill level 1 in Long Blades
  1287 | D:2      | Reached skill level 1 in Axes
  1287 | D:2      | Reached skill level 1 in Maces & Flails
  1287 | D:2      | Reached skill level 1 in Polearms
  1287 | D:2      | Reached skill level 1 in Staves
  1287 | D:2      | Reached skill level 1 in Slings
  1287 | D:2      | Reached skill level 1 in Bows
  1287 | D:2      | Reached skill level 1 in Crossbows
  1287 | D:2      | Reached skill level 1 in Throwing
  1287 | D:2      | Reached skill level 1 in Armour
  1287 | D:2      | Reached skill level 1 in Shields
  1287 | D:2      | Reached skill level 1 in Unarmed Combat
  1287 | D:2      | Reached skill level 1 in Evocations
  1287 | D:2      | Reached XP level 4. HP: 32/32 MP: 11/11
  1292 | D:2      | Learned a level 3 spell: Mephitic Cloud
  1457 | D:2      | You fall into a shaft and drop 1 floor!
  1457 | D:3      | Found a blossoming altar of Fedhas.
  1457 | D:3      | Found a stormy altar of Qazlal.
  1479 | D:3      | Found a shadowy altar of Dithmenos.
  1900 | D:2      | Reached skill level 1 in Conjurations
  1900 | D:2      | Reached skill level 1 in Hexes
  1900 | D:2      | Reached skill level 1 in Charms
  1900 | D:2      | Reached skill level 1 in Summonings
  1900 | D:2      | Reached skill level 1 in Necromancy
  1900 | D:2      | Reached skill level 1 in Translocations
  1900 | D:2      | Reached skill level 1 in Fire Magic
  1900 | D:2      | Reached skill level 1 in Ice Magic
  1900 | D:2      | Reached skill level 1 in Air Magic
  1900 | D:2      | Reached skill level 1 in Earth Magic
  2268 | D:3      | Reached XP level 5. HP: 32/37 MP: 9/12
  2489 | D:3      | Noticed Natasha
  2497 | D:3      | Killed Natasha
  2520 | D:3      | Noticed Natasha
  2531 | D:3      | Killed Natasha
  2722 | D:3      | Noticed Natasha
  2735 | D:3      | Killed Natasha
  2735 | D:3      | Reached XP level 6. HP: 27/44 MP: 7/13
  2802 | D:3      | Noticed Sigmund
  2813 | D:3      | Killed Sigmund
  2813 | D:3      | Reached skill level 5 in Dodging
  3160 | D:4      | Reached XP level 7. HP: 23/50 MP: 12/15
  3434 | D:4      | Found a sacrificial altar of Ru.
  3437 | D:4      | Found a sparkling altar of Nemelex Xobeh.
  3440 | D:4      | Found a hide-covered altar of Uskayaw.
  3516 | D:4      | Found a staircase to the Ecumenical Temple.
  3529 | Temple   | Entered the Ecumenical Temple
  3539 | Temple   | Became a worshipper of Ashenzari the Shackled
  3674 | D:4      | Found a runed translucent door.
  3675 | D:4      | Noticed Crazy Yiuf
  3686 | D:4      | Killed Crazy Yiuf
  3752 | D:5      | Entered Level 5 of the Dungeon
  3755 | D:5      | Reached skill level 5 in Stealth
  3834 | D:5      | Reached XP level 8. HP: 57/57 MP: 9/16
  3942 | D:5      | Found a white marble altar of Elyvilon.
  4044 | D:5      | Noticed Edmund
  4083 | D:5      | Killed Edmund
  4223 | D:5      | Reached skill level 6 in Spellcasting
  4391 | D:6      | Noticed Menkaure
  4400 | D:6      | Killed Menkaure
  4612 | D:6      | Got the cursed robe of the Chupacabra {Str+4}
  4623 | D:6      | Identified the cursed +0 robe of the Chupacabra {Str+4}
                  | (You found it on level 6 of the Dungeon)
  4757 | D:6      | Noticed a troll
  4860 | D:6      | Reached XP level 9. HP: 65/65 MP: 18/18
  4988 | D:6      | Killed a troll
  5181 | D:6      | Noticed Eustachio
  5204 | D:6      | Killed Eustachio
  5543 | D:7      | Reached * piety under Ashenzari
  5838 | D:7      | Reached skill level 5 in Short Blades
  6355 | D:7      | Reached skill level 5 in Invocations
  6872 | D:8      | Reached XP level 10. HP: 46/73 MP: 16/20
  6884 | D:8      | Reached skill level 7 in Spellcasting
  6884 | D:8      | Slain by a wight

Illustrated notes

Levels and vault maps discovered:
D:1:      minmay_arrival_stair_chambers, layout_basic
D:2:      layout_loops_corners, first_ration, bloody_trog
D:3:      layout_basic, grunt_temple_overflow_forces_of_nature,
          nicolae_overflow_hidden_temple, uniq_natasha, uniq_sigmund
D:4:      layout_basic, grunt_temple_overflow_diamond,
          minmay_temple_entry_antechambers, uniq_crazy_yiuf_cottage
D:5:      layout_loops_ring, kennysheep_mini, uniq_edmund
D:6:      layout_loops_ring, minmay_strange_pillars, minmay_manual_monstrance,
          uniq_menkaure, uniq_eustachio
D:7:      lemuel_ice_spiral_2, layout_basic
D:8:      layout_layer_cave, lair_entry_dummy, basic_altar, minmay_lizard_king,
          uniq_maggie, uniq_prince_ribbit1
Temple:   nicolae_temple_hex_pool

Skill      XL: |  1  2  3  4  5  6  7  8  9 10 |
---------------+-------------------------------+-----
Transmutations | 2 3 4 |  4.5
Spellcasting   | 5 6 7 |  7.0
Invocations    | 1 2 3 4 5 |  5.2
Fighting       | 1 2 3 4 |  4.7
Short Blades   | 1 2 3 5 |  5.7
Long Blades    | 1 2 3 4 |  4.7
Axes           | 1 2 3 4 |  4.7
Maces & Flails | 1 2 3 4 |  4.7
Polearms       | 1 2 3 4 |  4.7
Staves         | 1 2 3 4 |  4.7
Slings         | 1 2 3 4 |  4.7
Bows           | 1 2 3 4 |  4.7
Crossbows      | 1 2 3 4 |  4.7
Throwing       | 1 2 3 4 |  4.7
Armour         | 1 2 3 4 |  4.7
Shields        | 1 2 3 4 |  4.7
Unarmed Combat | 1 2 3 4 |  4.7
Evocations     | 1 2 3 4 |  4.7
Conjurations   | 1 2 3 |  3.9
Hexes          | 1 2 3 |  3.9
Charms         | 1 2 3 |  3.9
Summonings     | 1 2 3 |  3.9
Necromancy     | 1 2 3 |  3.9
Translocations | 1 2 3 |  3.9
Fire Magic     | 1 2 3 |  3.9
Ice Magic      | 1 2 3 |  3.9
Air Magic      | 1 2 3 |  3.9
Earth Magic    | 1 2 3 |  3.9
Dodging        | 5 6 |  6.6
Stealth        | 5 6 |  6.4
Poison Magic   | 6 |  6.8

Action                   |  1- 3 |  4- 6 |  7- 9 | 10-12 || total
-------------------------+-------+-------+-------+-------++-------
Melee: Dagger            |     9 |    84 |   379 |     1 ||   473
       Bite              |       |     8 |    43 |       ||    51
       Punch             |       |       |     7 |       ||     7
 Cast: Sting             |    49 |    57 |    63 |       ||   169
       Mephitic Cloud    |       |     3 |    11 |       ||    14
Invok: Curse Item        |       |       |     1 |       ||     1
Evoke: Wand              |       |       |     4 |       ||     4
  Use: Potion            |       |     1 |       |     1 ||     2
       Scroll            |       |       |     2 |       ||     2
 Stab: Sleeping          |     2 |     8 |    20 |       ||    30
       Confused          |       |     3 |     8 |       ||    11
       Distracted        |       |       |     1 |       ||     1
  Eat: Chunk             |     1 |     6 |    12 |       ||    19
Armor: Robe              |     2 |     8 |    34 |     2 ||    46
Dodge: Dodged            |    23 |    63 |   238 |    12 ||   336

Table legend:
 A = Non-vault XP
 B = Vault XP
 C = Vault XP percentage of total XP
 D = Non-vault monster count
 E = Vault monster count
 F = Vault count percentage of total count
                 A         B        C        D         E       F
            +---------+---------+-------+---------+---------+-------
      Total |    3793 |     930 |  19.7 |     156 |      10 |   6.0
            +---------+---------+-------+---------+---------+-------
        D:1 |      66 |       0 |   0.0 |      34 |       0 |   0.0
        D:2 |      61 |       0 |   0.0 |      14 |       0 |   0.0
        D:3 |     193 |     262 |  57.6 |      29 |       2 |   6.5
        D:4 |     332 |      40 |  10.8 |      10 |       1 |   9.1
        D:5 |     562 |     158 |  21.9 |      13 |       1 |   7.1
        D:6 |    1206 |     470 |  28.0 |      25 |       6 |  19.4
        D:7 |     930 |       0 |   0.0 |      25 |       0 |   0.0
        D:8 |     443 |       0 |   0.0 |       6 |       0 |   0.0
            +---------+---------+-------+---------+---------+-------
